 Dungeon Crawl Stone Soup version 0.29-a0-666-g26d293caef (webtiles) character file.

Game seed: 13900138388273158802

1759 CannotBeFrozen the Fighter (level 8, 0/78 HPs)
             Began as a Demigod Warper on June 23, 2022.
             Succumbed to a gnoll sergeant's poison
             ... on level 5 of the Dungeon.
             The game lasted 00:17:58 (5203 turns).

CannotBeFrozen the Fighter (Demigod Warper)         Turns: 5203, Time: 00:17:58

Health: 0/78       AC: 20    Str: 20    XL:     8   Next: 50%
Magic:  13/13      EV:  8    Int: 15    God:
Gold:   401        SH:  0    Dex: 15    Spells: 8/10 levels left

rFire   . . .      SeeInvis +   a - +0 long sword
rCold   + . .      Faith    .   (no shield)
rNeg    . . .      Spirit   .   m - +7 chain mail of the Earth {rElec Regen+ Dex+2}
rPois   .          Reflect  .   (no helmet)
rElec   +          Harm     .   z - +0 cloak
rCorr   .          Rampage  .   (no gloves)
Will    .....                   C - +2 pair of boots
Stlth   ..........              (no amulet)
HPRegen 1.03/turn               o - ring of see invisible
MPRegen 0.13/turn               r - ring of protection from cold

@: lethally poisoned (0 -> -23)
A: high MP 1, forlorn, divine attributes
a: no special abilities


You were on level 5 of the Dungeon.
You visited 1 branch of the dungeon, and saw 6 of its levels.

You collected 401 gold pieces.

Inventory:

Hand Weapons
 a - a +0 long sword (weapon)
 b - a +2 dagger of venom
 F - a +0 club
Missiles
 d - 7 boomerangs of dispersal {=f =F}
 i - 48 stones (quivered)
 v - 3 boomerangs
Armour
 m - the +7 chain mail of the Earth (worn) {rElec Regen+ Dex+2}
   (You found it on level 2 of the Dungeon)

   Dex:       It affects your dexterity (+2).
   rElec:     It insulates you from electricity.
   Regen:     It increases your rate of health regeneration.
 z - a +0 cloak (worn)
 C - a +2 pair of boots (worn)
Jewellery
 o - a ring of see invisible (left hand)
 r - a ring of protection from cold (right hand)
Wands
 w - a wand of iceblast (9)
 D - a wand of charming (4)
 E - a wand of flame (17)
Scrolls
 c - 2 scrolls of blinking
 e - a scroll of vulnerability {unknown}
 f - 2 scrolls of identify {@r1}
 g - a scroll of amnesia
 h - a scroll of immolation {unknown}
 k - a scroll of fog {unknown}
 l - 2 scrolls of teleportation {@r2}
 t - a scroll of brand weapon {unknown}
 y - a scroll of magic mapping
 A - a scroll of fear
 B - a scroll of enchant armour
 G - a scroll of enchant weapon {unknown}
Potions
 j - 2 potions of magic
 n - 2 potions of invisibility {unknown}
 p - 3 potions of curing {@q1}
 q - 2 potions of mutation
 s - a potion of berserk rage {unknown}
 u - 3 potions of attraction {unknown}
 x - 3 potions of haste {unknown}


   Skills:
 + Level 9.1 Fighting
 + Level 3.7 Long Blades
 - Level 0.8 Throwing
 - Level 4.0 Armour
 - Level 2.0 Dodging
 - Level 1.7 Spellcasting
 - Level 2.6 Translocations


You had 8 spell levels left.
You knew the following spells:

 Your Spells              Type           Power      Damage    Failure   Level
z - Blink                 Tloc           18%        N/A       75%         2

Your spell library contained the following spells:

 Spells                   Type           Power      Damage    Failure   Level
 Gell's Gravitas          Tloc           9%         N/A       92%         3
 Lesser Beckoning         Tloc           9%         N/A       92%         3
 Teleport Other           Tloc           9%         N/A       92%         3
 Manifold Assault         Tloc           9%         N/A       100%        5


Dungeon Overview and Level Annotations

Branches:
Dungeon (6/15)             Temple (0/1) D:5


Innate Abilities, Weirdness & Mutations

You have an increased reservoir of magic. (+10% MP)
You shall have no god before yourself.
Your divine heritage dramatically boosts your attributes as you level up.


Message History

You hit the gnoll sergeant but do no damage.
The gnoll sergeant looks as sick as possible!
The gnoll sergeant is lightly wounded.
You feel very sick.
The gnoll sergeant hits you but does no damage.
HP: 24/78 (-4) ===--------- Your +2 dagger of venom stops dripping with poison.
a - a +0 long sword (weapon)
You feel very sick.
HP: 21/78 (-3) ===--------- You hit the gnoll sergeant but do no damage.
The gnoll sergeant is lightly wounded.
You feel very sick.
The gnoll sergeant hits you but does no damage.
You are more poisoned.
HP: 17/78 (-4) ==---------- You hit the gnoll sergeant but do no damage.
The gnoll sergeant is moderately wounded.
* * * LOW HITPOINT WARNING * * *
You feel very sick. The gnoll sergeant barely misses you.
HP: 13/78 (-4) ==---------- It was a potion of curing.
You feel better.
The gnoll sergeant hits you but does no damage.
You hit the gnoll sergeant.
The gnoll sergeant is severely wounded.
The gnoll sergeant hits you but does no damage.
You are poisoned.
The gnoll sergeant hits you but does no damage.
You are more poisoned.
You hit the gnoll sergeant.
The gnoll sergeant is almost dead.
You feel very sick.
The gnoll sergeant hits you with a +5 spear of venom!
* * * LOW HITPOINT WARNING * * *
You are lethally poisoned!
HP: 9/78 (-12) =----------- !
You slash the gnoll sergeant!
You kill the gnoll sergeant!
You die...

#.##...........#........#
#.#_.#.#.#.#.8##........#
########.##.###8#_#.###........#
#........############ #..).....#
#................# #........#
#................# #...<....#
#................######........#
#................)...>.........#
########.........@.............#
##########..............#
#..............#
#.<............#
#..............#
#..............#
#..............#
################


There were no monsters in sight!

Vanquished Creatures
  Eustachio (D:5)
  Duvessa (D:5)
  2 water moccasins (D:5)
  An ice beast (D:5)
  A black bear (D:5)
  An ogre (D:6)
  A phantom (D:4)
  Blork the orc (D:5)
  A gnoll sergeant (D:5)
  2 necrophages
  2 scorpions (D:4)
  Dowan (D:5)
  An orc priest (D:4)
  2 hounds
  A gnoll shaman (D:4)
  Ijyb (D:3)
  Terence (D:3)
  5 iguanas
  2 orc wizards (D:4)
  6 gnolls
  4 adders
  A shadow imp (D:5)
  A white imp (D:5)
  An ufetubus (D:4)
  3 worms
  6 dart slugs
  6 orcs
  4 ball pythons
  A bat (D:1)
  6 endoplasms
  4 giant cockroaches
  29 goblins
  28 hobgoblins
  3 jackals
  6 quokkas
  2 frilled lizards
  8 kobolds
  5 rats
152 creatures vanquished.

Notes
Turn   | Place    | Note
-------+----------+-------------------------------------------
     0 | D:1      | CannotBeFrozen the Demigod Warper began the quest for the
                  | Orb.
     0 | D:1      | Reached XP level 1. HP: 17/17 MP: 5/5
   498 | D:1      | Reached XP level 2. HP: 20/24 MP: 7/7
   501 | D:1      | Learned a level 2 spell: Blink
  1025 | D:2      | Identified the +7 chain mail of the Earth {rElec Regen+
                  | Dex+2}
  1089 | D:2      | Noticed a shining eye
  1097 | D:2      | Noticed a shining eye
  1113 | D:2      | Noticed an eye of devastation
  1115 | D:2      | Noticed a floating eye
  1228 | D:2      | Reached skill level 2 in Fighting
  1319 | D:2      | Reached XP level 3. HP: 29/29 MP: 8/8
  1752 | D:3      | Noticed Terence
  1765 | D:3      | Killed Terence
  1766 | D:3      | Reached skill level 1 in Armour
  1766 | D:3      | Reached XP level 4. HP: 37/37 MP: 9/9
  1811 | D:3      | Reached skill level 3 in Fighting
  1943 | D:3      | Noticed Ijyb
  1969 | D:3      | Killed Ijyb
  2041 | D:3      | Noticed a necrophage
  2073 | D:3      | Killed a necrophage
  2074 | D:3      | Reached XP level 5. HP: 42/46 MP: 10/10
  2695 | D:3      | Reached skill level 4 in Fighting
  3146 | D:4      | Reached XP level 6. HP: 28/52 MP: 11/11
  3515 | D:4      | Reached skill level 5 in Fighting
  3734 | D:4      | Reached XP level 7. HP: 29/61 MP: 12/12
  4227 | D:5      | Entered Level 5 of the Dungeon
  4249 | D:5      | Noticed Eustachio
  4287 | D:5      | Killed Eustachio
  4288 | D:5      | Reached skill level 6 in Fighting
  4452 | D:5      | Reached skill level 7 in Fighting
  4504 | D:5      | Noticed Duvessa
  4520 | D:5      | Noticed Dowan
  4529 | D:5      | Killed Duvessa
  4530 | D:5      | Reached XP level 8. HP: 68/74 MP: 13/13
  4532 | D:5      | Killed Dowan
  4546 | D:5      | Found a staircase to the Ecumenical Temple.
  4562 | D:5      | Reached skill level 8 in Fighting
  4686 | D:5      | Noticed Blork the orc
  4698 | D:5      | Killed Blork the orc
  5020 | D:6      | Reached skill level 9 in Fighting
  5203 | D:5      | Succumbed to a gnoll sergeant's poison

Illustrated notes

Levels and vault maps discovered:
D:1:      ncdulo_halloftheorcs, layout_basic
D:2:      minmay_spotlight, layout_basic, basic_altar,
          hellmonk_ecumenical_altar_watching_god, kennysheep_nondescript,
          chequers_serial_rivers_micro_a
D:3:      minmay_goblin_kobold_castle, layout_basic, kennysheep_small_spiral,
          uniq_terence, uniq_ijyb
D:4:      layout_loops_corners, gammafunk_temple_overflow_pools,
          grunt_decor_one_mirror
D:5:      layout_gridville, minitemple, minmay_temple_entry_glassed_door,
          uniq_duvessa, uniq_eustachio, uniq_blork_the_orc
D:6:      layout_cave_pods

Skill      XL: |  1  2  3  4  5  6  7  8 |
---------------+-------------------------+-----
Long Blades    | 2 3 |  3.7
Fighting       | 2 3 4 5 7 9 |  9.1
Armour         | 1 2 3 4 |  4.0
Dodging        | 2 |  2.0
Throwing       | |  0.8
Spellcasting   | |  1.7
Translocations | |  2.6

Action                   |  1- 3 |  4- 6 |  7- 9 || total
-------------------------+-------+-------+-------++-------
Melee: Dagger            |   103 |   243 |   102 ||   448
       Punch             |     2 |     2 |     7 ||    11
       Falchion          |     2 |    54 |       ||    56
       Long sword        |       |       |   116 ||   116
Throw: Boomerang         |       |     4 |       ||     4
  Use: Scroll            |       |     1 |     8 ||     9
       Potion            |       |       |     1 ||     1
Armor: Leather armour    |     7 |       |       ||     7
       Chain mail        |    37 |   250 |   237 ||   524
Dodge: Dodged            |    36 |   131 |   153 ||   320

Table legend: (Time is in decaauts)
 A = Elapsed time spent in this place.
 B = Non-inter-level travel time spent in this place.
 C = Inter-level travel time spent in this place.
 D = Time resting spent in this place.
 E = Time spent auto-exploring this place.
 F = Levels seen in this place.
 G = Mean time per level.
                   A        B        C        D        E       F      G
               +--------+--------+--------+--------+--------+-----+--------+
         Total |   5193 |   5063 |    130 |    646 |   2708 |   6 |  865.5 |
       Dungeon |   5193 |   5063 |    130 |    646 |   2708 |   6 |  865.5 |
               +--------+--------+--------+--------+--------+-----+--------+

Top non-repeatable levels by time:
     D:3: 1352 daAuts
     D:4: 1123 daAuts
     D:1: 1000 daAuts
     D:5: 790 daAuts
     D:2: 739 daAuts
     D:6: 186 daAuts
